 Dungeon Crawl Stone Soup version 0.28.0-49-g6dfe1f597d (webtiles) character file.

Game seed: 10012653386224233693

28292 101zpm the Eclecticist (level 13, -2/69 HPs)
             Began as a Djinni Fire Elementalist on May 11, 2022.
             Was a High Priest of Hepliaklqana.
             Slain by a sun demon (13 damage)
             ... on level 2 of the Orcish Mines.
             The game lasted 01:06:10 (19112 turns).

101zpm the Eclecticist (Djinni Fire Elementalist)  Turns: 19112, Time: 01:06:10

Health: -2/69      AC: 13    Str: 10    XL:     13   Next: 72%
Gold:   1671       EV: 13    Int: 23    God:    Hepliaklqana [*****.] SH:  0 Dex: 13

rFire   + + +      SeeInvis .   V - +6 quarterstaff of the Peculiar Portals {venom, +Blink Int+2 Dex-4}
rCold   x . .      Faith    .   (shield currently unavailable)
rNeg    + . .      Spirit   .   S - +4 troll leather armour
rPois   ∞          Reflect  .   C - +0 helmet
rElec   .          Harm     .   e - +2 cloak {rCorr}
rCorr   +          Rampage  .   M - +0 pair of gloves {infuse}
Will    +....                   (boots unavailable)
Stlth   +.........              (no amulet)
HPRegen 1.01/turn               W - ring of Keabbukh {Fly rF++ rN+ Str+3 Stlth-}
MPRegen 0.00/turn               K - ring "Viloivik" {rCorr Dex+2}

@: flying
A: reduced essence, sickness immunity, fire resistance 2, cold vulnerability 1,
float, innate caster, HP casting, extra vitality 1
a: Renounce Religion, Evoke Blink, Ancestor Life: Knight, Ancestor Life:
Battlemage, Ancestor Life: Hexer, Recall Ancestor, Ancestor Identity,
Transference, Idealise


You were on level 2 of the Orcish Mines.
You worshipped Hepliaklqana.
Hepliaklqana was extremely pleased with you.
You visited 3 branches of the dungeon, and saw 15 of its levels.
You also visited: Bailey.

You collected 1832 gold pieces.
You spent 161 gold pieces at shops.

Inventory:

Hand Weapons
 V - the +6 quarterstaff of the Peculiar Portals (weapon) {venom, +Blink Int+2 Dex-4}
   (You found it on level 9 of the Dungeon)

   It poisons the flesh of those it strikes.
   Int:       It affects your intelligence (+2).
   Dex:       It affects your dexterity (-4).
   +Blink:    It lets you blink.
Missiles
 H - 3 throwing nets
Armour
 e - a +2 cloak of preservation (worn)
 l - a scarf of repulsion
 C - a +0 helmet (worn)
 M - a +0 pair of gloves of infusion (worn)
 N - the +2 helmet of the Ancient Youths {Harm}
   (You found it in a bailey)

   Harm:      It increases damage dealt and taken.
 O - a +4 plate armour of cold resistance
 S - a +4 troll leather armour (worn)
Jewellery
 q - a ring of ice
 s - a ring of wizardry
 K - the ring "Viloivik" (right hand) {rCorr Dex+2}
   (You found it in a bailey)

   [ring of resist corrosion]

   Dex:       It affects your dexterity (+2).
   rCorr:     It protects you from acid and corrosion.
 T - a +6 ring of strength
 W - the ring of Keabbukh (left hand) {Fly rF++ rN+ Str+3 Stlth-}
   (You found it on level 10 of the Dungeon)

   [ring of flight]

   Str:       It affects your strength (+3).
   rF:        It greatly protects you from fire.
   rN:        It protects you from negative energy.
   Fly:       It grants you flight.
   Stlth:     It makes you less stealthy.
Wands
 x - a wand of polymorph (12)
 D - a wand of iceblast (12) (quivered)
 E - a wand of paralysis (13)
 U - a wand of flame (15)
 X - a wand of acid (5)
Scrolls
 c - a scroll of identify
 j - a scroll of brand weapon
 k - 7 scrolls of fear
 m - 3 scrolls of teleportation
 o - 2 scrolls of enchant weapon
 r - a scroll of silence
 Q - a scroll of summoning {unknown}
 Y - 3 scrolls of blinking {unknown}
Potions
 b - a potion of invisibility {unknown}
 d - 2 potions of lignification {unknown}
 f - 12 potions of curing {unknown}
 h - 2 potions of flight {unknown}
 u - 2 potions of mutation {unknown}
 v - 3 potions of attraction {unknown}
 w - a potion of degeneration {unknown}
 z - 2 potions of berserk rage {unknown}
 A - 3 potions of might {unknown}
 G - a potion of haste {unknown}
 I - 3 potions of brilliance {unknown}
 J - 2 potions of magic {unknown}
 L - a potion of resistance {unknown}


   Skills:
 + Level 1.4 Fighting
 + Level 1.2 Maces & Flails
 + Level 2.2 Armour
 + Level 4.4 Dodging
 + Level 4.3 Stealth
 + Level 0.2 Shields
 + Level 16.4 Spellcasting


You had 12 spell levels left.
You knew the following spells:

 Your Spells              Type           Power      Damage    Failure   Level
a - Foxfire               Conj/Fire      100%       2x1d9     0%          1
b - Scorch                Fire           100%       2d10      0%          2
c - Conjure Flame         Conj/Fire      76%        6-21      0%          3
d - Inner Flame           Hex/Fire       76%        N/A       0%          3
e - Flame Wave            Conj/Fire      76%        2d14      1%          4
f - Slow                  Hex            100%       N/A       0%          1
g - Poisonous Vapours     Pois/Air       100%       N/A       0%          2
h - Gell's Gravitas       Tloc           76%        N/A       0%          3
i - Summon Guardian Gole  Hex/Summ       76%        N/A       0%          3
j - Irradiate             Conj/Tmut      38%        3d26      1%          5
k - Lightning Bolt        Conj/Air       38%        1d56      1%          5
Your spell library was empty.

Dungeon Overview and Level Annotations

Branches:
Dungeon (12/15)            Temple (1/1) D:4            Lair (0/6) D:9
    Orc (2/2) D:11            Elf (0/3) Orc:2        Bailey (visited)

Altars:
Ashenzari
Cheibriados
Dithmenos
Elyvilon
Fedhas
Gozag
Hepliaklqana
Kikubaaqudgha
Makhleb
Nemelex Xobeh
Okawaru
Qazlal
Ru
Sif Muna
Trog
Uskayaw
Vehumet
Wu Jian
Xom
Yredelemnul
Zin
The Shining One
Beogh

Shops:
D:5 :   D:9 ?   Orc:2 !*

Annotations:
D:3 1 runed translucent door, 101zpm's ghost, novice DjFE


Innate Abilities, Weirdness & Mutations

Your life essence is reduced to manifest your ancestor. (-10% HP)
You are immune to sickness and miasma.
You are immune to poison.
Your flesh is very heat resistant. (rF++)
You are vulnerable to cold. (rC-)
You float through the air rather than walking.
You learn spells naturally, not from books.
Your magical power is your life essence.
You have superior vitality. (+4 MHP)


Message History

Aiming: Iceblast
Press: ? - help, Q - select action, (/) - cycle Shift-Dir - straight line, f/p - sun demon
Aim: a sun demon (lightly wounded)
The mass of ice explodes!
The iceblast engulfs the sun demon!
The sun demon is frozen!
The sun demon is heavily wounded.
Aiming: Iceblast
Press: ? - help, Q - select action, (/) - cycle Shift-Dir - straight line, f/p - sun demon
Aim: a sun demon (heavily wounded, ally target)
The mass of ice explodes!
The iceblast engulfs the sun demon.
The sun demon is heavily wounded.
Aiming: Iceblast
Press: ? - help, Q - select action, (/) - cycle Shift-Dir - straight line, p - sun demon The mass of ice explodes!
Ahhotep avoids your attack.
The iceblast engulfs the sun demon!
The sun demon is frozen!
The sun demon is severely wounded.
The sun demon closely misses you.
Aiming: Iceblast
Press: ? - help, Q - select action, (/) - cycle Shift-Dir - straight line The mass of ice explodes!
Ahhotep avoids your attack.
The iceblast engulfs the sun demon!
The sun demon is frozen!
The sun demon is almost dead.
The sun demon closely misses you. The sun demon hits you!!
* * * LOW HITPOINT WARNING * * *
You are engulfed in flames.
You resist.
* * * LOW HITPOINT WARNING * * *
Ahhotep hits the sun demon!
The sun demon hits Ahhotep!
Ahhotep is engulfed in flames.
Ahhotep resists.
Aiming: Iceblast
Press: ? - help, Q - select action, (/) - cycle Shift-Dir - straight line, f - sun demon
Aim: a sun demon (almost dead, ally target)
The mass of ice explodes!
The iceblast engulfs the sun demon.
The sun demon is almost dead.
Ahhotep avoids your attack.
Ahhotep barely misses the sun demon.
The sun demon hits you!
You die...

##...##...................
#.....##..#...............
##..#.#####......#.........
#.....######.#...#.........
##.....##^#................
#....##)..#.##............
##.#)#....#.#.............
##).)....................
##....#3@................
#....R....#).............
##.#.##.)###.............
######...##.............
#####.................
##.####.............#..
#...###............##..
##...##.#...........#...
#.......................


You could see the friendly Ahhotep the ancestor and a sun demon (ally target).

Vanquished Creatures
  Josephine (Orc:1)
  Harold (D:7)
  An ice dragon (shapeshifter) (D:9)
  6 two-headed ogres
  Sonja (D:12)
  2 orc knights (Orc:2)
  Pikel (D:9)
  4 orc sorcerers
  A cyclops (D:9)
  Maurice (D:9)
  A rust devil (Orc:2)
  3 gargoyles
  A kobold demonologist (D:12)
  4 trolls
  8 slime creatures
  Sigmund (D:4)
  2 vampires (Bailey)
  A shadow (D:10)
  A wyvern (D:9)
  5 wraiths (Orc:1)
  14 yaks
  4 steam dragons
  5 vampire mosquitoes
  3 wargs
  2 acid dragons
  2 water moccasins
  29 orc warriors
  2 ice beasts
  2 necrophages (D:5)
  8 ogres
  A phantom (D:4)
  4 wolves (D:9)
  2 centaurs
  4 kobold brigands
  Blork the orc (D:4)
  A wyvern skeleton (D:6)
  A water moccasin skeleton (D:6)
  6 killer bees (D:8)
  9 vampire bats (Bailey)
  A howler monkey (D:7)
  8 wolf zombies (Bailey)
  7 electric eels
  A bullfrog zombie (D:5)
  2 centaur zombies
  4 hounds
  17 orc priests
  2 centaur skeletons
  A jelly (D:5)
  3 gnoll shamans
  2 iguanas
  17 orc wizards
  A hound skeleton (D:4)
  A howler monkey zombie (D:5)
  Robin (D:4)
  11 gnolls
  3 adders
  A white imp (D:8)
  An adder skeleton (D:5)
  A worm (D:3)
  2 dart slugs (D:1)
  65 orcs
  4 ball pythons
  5 bats
  7 endoplasms
  5 giant cockroaches
  16 goblins
  14 hobgoblins
  2 jackals (D:1)
  15 kobolds
  5 quokkas
  6 frilled lizards
  20 orc zombies (Bailey)
  A rat (D:2)
398 creatures vanquished.

Vanquished Creatures (collateral kills)
  Maggie (D:10)
  A troll (D:11)
  2 slime creatures (D:12)
  An orc warrior (Orc:2)
  A centaur (D:9)
  A hound (D:9)
  A shadow imp (D:6)
  An orc (D:8)
  A goblin (D:8)
  A kobold (D:12)
  5 foxfires (D:6)
16 creatures vanquished.

Vanquished Creatures (others)
  A two-headed ogre (D:9)
  A troll (D:12)
  6 ancestors
  1178 foxfires
  4 fungi (D:9)
  27 plants (D:6)
1217 creatures vanquished.

Grand Total: 1631 creatures vanquished

Notes
Turn   | Place    | Note
-------+----------+-------------------------------------------
     0 | D:1      | 101zpm the Djinni Fire Elementalist began the quest for the
                  | Orb.
     0 | D:1      | Reached XP level 1. HP: 15/15 MP: 0/0
   208 | D:1      | Reached XP level 2. HP: 17/21 MP: 0/0
   847 | D:1      | Found a faded altar of an unknown god.
  1034 | D:1      | Reached skill level 3 in Spellcasting
  1154 | D:1      | Reached XP level 3. HP: 19/25 MP: 0/0
  1154 | D:1      | Learned a level 1 spell: Slow
  2241 | D:3      | Reached XP level 4. HP: 19/31 MP: 0/0
  3655 | D:3      | Reached XP level 5. HP: 33/35 MP: 0/0
  3655 | D:3      | Learned a level 2 spell: Poisonous Vapours
  3883 | D:4      | Noticed Sigmund
  3889 | D:4      | Killed Sigmund
  3890 | D:4      | Reached skill level 4 in Spellcasting
  3890 | D:4      | Reached XP level 6. HP: 26/41 MP: 0/0
  4044 | D:4      | Noticed Blork the orc
  4049 | D:4      | Killed Blork the orc
  4050 | D:4      | Reached skill level 1 in Maces & Flails
  4181 | D:4      | Reached XP level 7. HP: 30/46 MP: 0/0
  4181 | D:4      | Learned a level 3 spell: Gell's Gravitas
  4403 | D:4      | Reached skill level 5 in Spellcasting
  4576 | D:4      | Found a staircase to the Ecumenical Temple.
  4850 | D:4      | Noticed Robin
  4852 | D:4      | Killed Robin
  5225 | D:5      | Entered Level 5 of the Dungeon
  5225 | D:5      | Found Hulegafri's Book Boutique.
  5431 | D:5      | Found a shimmering altar of Xom.
  5431 | D:5      | Found a sparkling altar of Nemelex Xobeh.
  5441 | D:5      | Reached skill level 6 in Spellcasting
  5447 | D:5      | Reached XP level 8. HP: 40/51 MP: 0/0
  6203 | D:5      | Reached skill level 7 in Spellcasting
  6258 | D:5      | Found a basalt altar of Yredelemnul.
  6300 | D:5      | Noticed a two-headed ogre
  6307 | D:5      | Killed a two-headed ogre
  6308 | D:5      | Reached skill level 8 in Spellcasting
  6308 | D:5      | Reached XP level 9. HP: 45/56 MP: 0/0
  6308 | D:5      | Learned a level 3 spell: Summon Guardian Golem
  6523 | Temple   | Entered the Ecumenical Temple
  6698 | Temple   | Became a worshipper of Hepliaklqana the Forgotten
  7234 | D:3      | Found a runed translucent door.
  7499 | D:3      | Noticed 101zpm's ghost (novice DjFE)
  7844 | D:5      | Reached * piety under Hepliaklqana
  8127 | D:6      | Reached skill level 9 in Spellcasting
  9801 | D:7      | Reached ** piety under Hepliaklqana
  9828 | D:7      | Noticed Harold
  9835 | D:7      | Killed Harold
  9836 | D:7      | Reached skill level 10 in Spellcasting
  9836 | D:7      | Reached XP level 10. HP: 38/54 MP: 0/0
 10153 | D:7      | Found a shadowy altar of Dithmenos.
 10358 | D:8      | Noticed a two-headed ogre
 10362 | D:8      | Killed a two-headed ogre
 10754 | D:8      | Reached skill level 11 in Spellcasting
 10858 | D:8      | Found a flagged portal.
 10889 | Bailey   | Entered a bailey
 11689 | Bailey   | Noticed a gargoyle
 11694 | Bailey   | Killed a gargoyle
 11991 | Bailey   | Identified the ring "Viloivik" {rCorr Dex+2}
 12000 | Bailey   | Identified the +2 helmet of the Ancient Youths {Harm}
 12030 | Bailey   | Reached XP level 11. HP: 50/59 MP: 0/0
 12030 | Bailey   | Learned a level 5 spell: Irradiate
 12853 | D:8      | Noticed a two-headed ogre
 12860 | D:8      | Killed a two-headed ogre
 12861 | D:8      | Reached skill level 12 in Spellcasting
 13207 | D:9      | Noticed a two-headed ogre
 13214 | D:9      | Killed a two-headed ogre
 13215 | D:9      | Reached skill level 1 in Fighting
 13562 | D:9      | Reached *** piety under Hepliaklqana
 13617 | D:9      | Noticed Maurice
 13621 | D:9      | Killed Maurice
 14164 | D:9      | Found a staircase to the Lair.
 14189 | D:9      | Noticed a radroach
 14189 | D:9      | Noticed an ice dragon
 14189 | D:9      | a radroach changed into an ice dragon
 14200 | D:9      | Killed an ice dragon
 14201 | D:9      | Reached skill level 13 in Spellcasting
 14217 | D:9      | Noticed a cyclops
 14221 | D:9      | Killed a cyclops
 14238 | D:9      | Noticed Pikel
 14243 | D:9      | Killed Pikel
 14297 | D:9      | Found Ledd's Magic Scroll Shoppe.
 14382 | D:9      | Reached skill level 1 in Armour
 14382 | D:9      | Reached XP level 12. HP: 53/64 MP: 0/0
 14875 | D:9      | Identified the +6 quarterstaff of the Peculiar Portals
                  | {venom, +Blink Int+2 Dex-4}
 14913 | D:10     | Entered Level 10 of the Dungeon
 15006 | D:10     | Identified the ring of Keabbukh {Fly rF++ rN+ Str+3 Stlth-}
 15036 | D:10     | Noticed a two-headed ogre
 15041 | D:10     | Killed a two-headed ogre
 15067 | D:10     | Noticed Maggie
 15073 | D:10     | Killed Maggie
 15206 | D:10     | Identified the +7 scale mail "Fual" {Harm}
 15277 | D:10     | Reached **** piety under Hepliaklqana
 15768 | D:11     | Reached skill level 14 in Spellcasting
 15911 | D:11     | Found a staircase to the Orcish Mines.
 16076 | D:11     | Noticed a two-headed ogre
 16077 | D:11     | Noticed a two-headed ogre
 16166 | D:11     | Killed a two-headed ogre
 16178 | D:11     | Killed a two-headed ogre
 17185 | D:9      | Bought a scroll of enchant armour for 105 gold pieces
 17185 | D:9      | Bought a scroll of fog for 28 gold pieces
 17185 | D:9      | Bought a scroll of identify for 28 gold pieces
 17273 | D:12     | Noticed Sonja
 17283 | D:12     | Killed Sonja
 17284 | D:12     | Reached skill level 15 in Spellcasting
 17284 | D:12     | Reached XP level 13. HP: 30/68 MP: 0/0
 17284 | D:12     | Learned a level 5 spell: Lightning Bolt
 17547 | Orc:1    | Entered Level 1 of the Orcish Mines
 17664 | Orc:1    | Reached ***** piety under Hepliaklqana
 17797 | Orc:1    | Noticed Josephine
 17802 | Orc:1    | Killed Josephine
 18047 | Orc:2    | Entered Level 2 of the Orcish Mines
 18442 | Orc:2    | Reached skill level 16 in Spellcasting
 18632 | Orc:2    | Found Yfeuqumu's General Store.
 18654 | Orc:2    | Found Afedd's Distillery.
 18881 | Orc:2    | Found a staircase to the Elven Halls.
 19112 | Orc:2    | Slain by a sun demon

Illustrated notes

Levels and vault maps discovered:
D:1:      lightli_arrival_statue_moat, layout_basic,
          hellmonk_ecumenical_altar_crossroads, minmay_domino_4
D:2:      layout_loops_ring
D:3:      layout_loops_ring, ebering_ghost_inner_flame
D:4:      layout_rooms, minmay_temple_entry_drinking_statues, uniq_robin,
          uniq_sigmund, uniq_blork_the_orc
D:5:      layout_rooms, chequers_temple_overflow_statue_of_worship,
          nicolae_stop_n_shop_2, st_stairs_3, grunt_decor_one_mirror
D:6:      cheibrodos_iron_armory, layout_basic, serial_bayou,
          serial_bayou_pond_a, serial_bayou_lagoon_b, serial_bayou_pond_c,
          serial_bayou_crossing
D:7:      layout_rooms, gammafunk_temple_overflow_wave, uniq_harold
D:8:      layout_cave_pools, enter_bailey_4
D:9:      kennysheep_steamy, layout_irregular_city, erik_lair_island,
          serial_shops, nicolae_shop_hallway_plus, uniq_maurice, uniq_pikel
D:10:     layout_irregular_city, uniq_maggie
D:11:     layout_layer_cave, david_orc_1_choice
D:12:     layout_irregular_city, minmay_misc_feat_secret_circle, uniq_sonja
Temple:   eino_temple_rhombus
Orc:1:    layout_diamond_mine, basic_altar, nicolae_orc_crystal_geode,
          uniq_josephine, uniq_snorg
Orc:2:    pf_orc_diabolical, layout_caves

Skill      XL: |  1  2  3  4  5  6  7  8  9 10 11 12 13 |
---------------+----------------------------------------+-----
Spellcasting   | 3 4 6 8 10 11 13 15 16 | 16.4
Stealth        | 2 3 4 |  4.3
Dodging        | 3 4 |  4.4
Maces & Flails | 1 |  1.2
Fighting       | 1 |  1.4
Armour         | 1 2 |  2.2
Shields        | |  0.2

Action                   |  1- 3 |  4- 6 |  7- 9 | 10-12 | 13-15 || total
-------------------------+-------+-------+-------+-------+-------++-------
Melee: Whip              |       |    25 |       |       |       ||    25
 Cast: Foxfire           |    89 |    65 |   121 |   286 |   167 ||   728
       Scorch            |    13 |     5 |    45 |    71 |    48 ||   182
       Inner Flame       |       |     4 |    57 |   134 |    98 ||   293
       Poisonous Vapours |       |     4 |    23 |    51 |    61 ||   139
       Summon Guardian G |       |       |     4 |    14 |    29 ||    47
       Irradiate         |       |       |       |     3 |     2 ||     5
       Slow              |       |       |       |     5 |       ||     5
Invok: Recall Ancestor   |       |       |       |       |     2 ||     2
Evoke: Wand              |       |       |       |       |     6 ||     6
  Use: Scroll            |       |       |       |    13 |     1 ||    14
 Stab: Sleeping          |       |     1 |       |       |       ||     1
Armor: Robe              |       |    12 |     4 |     8 |       ||    24
       Troll leather arm |       |       |       |     6 |     2 ||     8
Dodge: Dodged            |     2 |    22 |     5 |    26 |    13 ||    68
Block: Buckler           |       |       |     2 |     4 |       ||     6
